 Dungeon Crawl Stone Soup version 0.30-a0-29-g142975f185 (webtiles) character file.

Game seed: 7812980830475113115

9829 Ijustatesigmund the Fighter (level 11, -2/76 HPs)
             Began as a Gargoyle Fighter on Aug 26, 2022.
             Was a Believer of Cheibriados.
             Slain by a boulder beetle (21 damage)
             ... on level 11 of the Dungeon.
             The game lasted 00:18:15 (12209 turns).

Ijustatesigmund the Fighter (Gargoyle Fighter)     Turns: 12209, Time: 00:18:16

Health: -2/76      AC: 21    Str: 25    XL:     11   Next: 52%
Magic:  15/15      EV:  6    Int: 20    God:    Cheibriados [**....]
Gold:   769        SH: 10    Dex: 19    Spells: 10/10 levels left

rFire   + . .      SeeInvis .    l - +9 hammer of Optimality {flame, rF+ Dex+4}
rCold   . . .      Faith    .    c - +0 kite shield
rNeg    + . .      Spirit   .    b - +0 chain mail
rPois   ∞          Reflect  .    (no helmet)
rElec   +          Harm     .    d - +0 cloak
rCorr   .          Rampage  .    (no gloves)
Will    .....                    u - +0 pair of boots
Stlth   ..........               q - amulet of regeneration
HPRegen 1.02/turn                (no ring)
MPRegen 0.14/turn                (no ring)

@: about to teleport, very slow
A: sickness immunity, AC +8, negative energy resistance 1, electricity
resistance, torment resistance 1, petrification resistance
a: Renounce Religion, Bend Time


You were on level 11 of the Dungeon.
You worshipped Cheibriados.
Cheibriados was pleased with you.
You visited 2 branches of the dungeon, and saw 13 of its levels.
You visited the Abyss 1 time.

You collected 769 gold pieces.

Inventory:

Hand Weapons
 a - a +0 morningstar
 l - the +9 hammer of Optimality (weapon) {flame, rF+ Dex+4}
   (You found it on level 3 of the Dungeon)

   It burns those it strikes, dealing additional fire damage.
   Dex:       It affects your dexterity (+4).
   rF:        It protects you from fire.
 m - a +1 hammer of protection
Missiles
 C - a curare-tipped dart (quivered)
Armour
 b - a +0 chain mail (worn)
 c - a +0 kite shield (worn)
 d - a +0 cloak (worn)
 u - a +0 pair of boots (worn)
Jewellery
 g - an amulet of faith
 q - an amulet of regeneration (around neck)
 w - an amulet of guardian spirit
Wands
 i - a wand of roots (5)
 v - a wand of mindburst (1)
Scrolls
 e - 2 scrolls of enchant weapon
 n - a scroll of amnesia
 y - a scroll of immolation
 D - a scroll of identify
Potions
 f - a potion of attraction
 h - 3 potions of heal wounds
 j - 3 potions of brilliance
 k - a potion of might
 o - a potion of berserk rage
 p - a potion of invisibility
 r - 2 potions of ambrosia {unknown}
 s - a potion of flight
 t - 2 potions of magic
 x - a potion of mutation {unknown}
 z - a potion of curing
 A - 2 potions of lignification


   Skills:
 + Level 11.9 Fighting
 + Level 10.7 Maces & Flails
 - Level 6.6 Armour
 - Level 4.6 Shields
 + Level 6.3 Invocations
 - Level 4.4 Evocations


You had 10 spell levels left.
You didn't know any spells.
Your spell library contained the following spells:

 Spells                   Type           Power      Damage    Failure   Level
 Shock                    Conj/Air       0%         1d3       97%         1
 Poisonous Vapours        Pois/Air       0%         N/A       99%         2
 Summon Guardian Golem    Hex/Summ       0%         N/A       100%        3
 Swiftness                Air            0%         N/A       100%        3
 Ice Form                 Ice/Tmut       0%         N/A       100%        4
 Sticky Flame             Conj/Fire      0%         2d3       100%        4
 Metabolic Englaciation   Hex/Ice        0%         N/A       100%        5
 Orb of Destruction       Conj           0%         9d5       100%        7
 Spellforged Servitor     Conj/Summ      0%         N/A       100%        7


Dungeon Overview and Level Annotations

Branches:
Dungeon (12/15)            Temple (1/1) D:4            Lair (0/5) D:10
    Orc (0/2) D:11

Altars:
Ashenzari
Cheibriados
Dithmenos
Elyvilon
Fedhas
Gozag
Kikubaaqudgha
Makhleb
Okawaru
Qazlal
Ru
Sif Muna
Trog
Uskayaw
Vehumet
Wu Jian
Xom
Yredelemnul
Zin
The Shining One

Annotations:
D:7 Dowan, Duvessa, Joseph
D:11 1 transporter
D:12 Kirke


Innate Abilities, Weirdness & Mutations

You are immune to sickness and miasma.
Your stone body is resilient. (AC +8)
You are immune to poison.
You resist negative energy. (rN+)
You are resistant to electric shocks. (rElec)
You are resistant to unholy torment.
You are immune to petrification.


Message History

The orc zombie hits you but does no damage.
Something hits you but does no damage.
The vampire mosquito buzzes angrily.
You hit the orc zombie. You burn the orc zombie.
You destroy the orc zombie!
Cheibriados appreciates the change of pace.
A boulder beetle comes into view.
Something hits you but does no damage.
You block the vampire mosquito's attack.
You sock the vampire mosquito! You burn the vampire mosquito.
The vampire mosquito is severely damaged.
The boulder beetle curls into a ball and begins rolling!
The vampire mosquito bites you but does no damage.
Something hits you but does no damage.
You sock the vampire mosquito! You burn the vampire mosquito.
You destroy the vampire mosquito!
Cheibriados thoroughly appreciates the change of pace.
You block something's attack. Something completely misses you.
The boulder beetle hits you!!
The boulder beetle stops rolling and uncurls.
Something hits you but does no damage. The boulder beetle bites you!!
* * * LOW HITPOINT WARNING * * *
You are too injured to fight recklessly!
You are too injured to fight recklessly!
You are too injured to fight recklessly!
You are too injured to fight recklessly!
You are too injured to fight recklessly!
You are too injured to fight recklessly!
You are too injured to fight recklessly!
You are too injured to fight recklessly!
You are too injured to fight recklessly!
Unknown command.
Okay, then.
You feel much better. Something hits you but does no damage.
The boulder beetle bites you!!
* * * LOW HITPOINT WARNING * * *
As you read the scroll of teleportation, it crumbles to dust.
You feel strangely unstable. Something hits you but does no damage.
The boulder beetle bites you!!
You die...

** #.**,* ,* #.##.* ,*
#....##**##
,**********#(.....,,.##
,,,,,,,,,,,*#...>.,,..#
*****,,,,,,,,#...###..##
,,,,*,****,#,*#........#
***,*,* *,#.*#..{<....#
,**,*,* #,#.##B@.)....#
,,*,*,***#.#.....†)...##
,,,,,,,,,..........##.#
,,,,,,,,,..........#*.#*****
,***,,,,*###.......#*,.,,<,*
**,**,,**#.####....#***#****
*,,,**,*,^....#....#
**,*,***,.#####...##
,*,**,©,,**###....#######


You could see a boulder beetle.

Vanquished Creatures
  A two-headed ogre (D:11)
  2 wizards (D:10)
  An orc sorcerer (Abyss:2)
  A cyclops (D:9)
  A gargoyle (D:10)
  A hornet (D:9)
  2 trolls (D:10)
  Grinder (D:6)
  A shadow (D:10)
  A wraith (D:10)
  6 yaks (D:9)
  A steam dragon (D:9)
  3 vampire mosquitoes
  Edmund (D:6)
  2 acid dragons
  An orc warrior (D:8)
  A black bear (D:6)
  A sky beast (D:6)
  2 centaurs
  An ogre (D:5)
  4 phantoms
  5 kobold brigands
  A bullfrog (D:9)
  A gnoll sergeant (D:8)
  2 necrophages
  2 wyvern zombies (D:6)
  A water moccasin zombie (D:6)
  11 wights
  5 killer bees (D:10)
  4 howler monkeys
  2 jellies
  3 orc priests
  3 bullfrog zombies (D:6)
  Crazy Yiuf (D:3)
  2 hounds
  2 iguanas (D:6)
  11 orc wizards
  A killer bee zombie (D:6)
  4 gnolls (D:8)
  6 adders
  2 worms
  2 dart slugs
  32 orcs
  2 bat zombies (D:6)
  6 endoplasms
  A giant cockroach (D:4)
  6 goblins
  3 hobgoblins
  2 jackals (D:3)
  3 quokkas
  9 ball pythons
  4 bats
  2 frilled lizards (D:1)
  28 kobolds
  An orc zombie (D:11)
  8 rats
  A rat zombie (D:6)
214 creatures vanquished.

Vanquished Creatures (collateral kills)
  A two-headed ogre (D:10)
  A deep elf pyromancer (D:10)
2 creatures vanquished.

Vanquished Creatures (others)
  10 fungi (D:3)
  3 toadstools (D:3)
13 creatures vanquished.

Grand Total: 229 creatures vanquished

Notes
Turn   | Place    | Note
-------+----------+-------------------------------------------
     0 | D:1      | Ijustatesigmund the Gargoyle Fighter began the quest for
                  | the Orb.
     0 | D:1      | Reached XP level 1. HP: 14/14 MP: 1/1
   178 | D:1      | Reached XP level 2. HP: 6/19 MP: 2/2
  1369 | D:2      | Reached XP level 3. HP: 9/24 MP: 3/3
  1963 | D:2      | Reached skill level 4 in Fighting
  2322 | D:3      | Reached XP level 4. HP: 13/29 MP: 4/4
  2327 | D:3      | Found a faded altar of an unknown god.
  3071 | D:3      | Found a runed translucent door.
  3071 | D:3      | Identified the +6 hammer of the Gloaming {freeze, Contam
                  | rN+ Dex+4}
  3073 | D:3      | Noticed Crazy Yiuf
  3090 | D:3      | Killed Crazy Yiuf
  3091 | D:3      | Reached XP level 5. HP: 5/34 MP: 0/5
  3103 | D:3      | Identified the +9 hammer of Optimality {flame, rF+ Dex+4}
  3411 | D:3      | Found a glowing golden altar of the Shining One.
  3801 | D:4      | Noticed a phantom
  3811 | D:4      | Killed a phantom
  3812 | D:4      | Reached skill level 5 in Fighting
  3911 | D:4      | Reached XP level 6. HP: 36/40 MP: 6/6
  4097 | D:4      | Found a staircase to the Ecumenical Temple.
  4678 | Temple   | Entered the Ecumenical Temple
  4862 | D:5      | Entered Level 5 of the Dungeon
  4924 | D:5      | Found a shadowy altar of Dithmenos.
  5328 | D:5      | Reached XP level 7. HP: 45/45 MP: 7/7
  5581 | D:5      | Found an ornate altar of the Wu Jian Council.
  5708 | D:5      | Reached skill level 6 in Fighting
  5708 | D:5      | Reached skill level 5 in Maces & Flails
  5768 | D:5      | Reached skill level 5 in Armour
  6282 | D:6      | Reached XP level 8. HP: 13/52 MP: 8/8
  6565 | D:6      | Noticed Edmund
  6570 | D:6      | Reached skill level 7 in Fighting
  6576 | D:6      | Killed Edmund
  6716 | D:6      | Identified the +9 falchion "Qusk" {vorpal, Will+ Dex+2}
  6790 | D:6      | Found an iron altar of Okawaru.
  6951 | D:6      | Found a basalt altar of Yredelemnul.
  6986 | D:6      | Found an ancient bone altar of Kikubaaqudgha.
  7199 | D:6      | Noticed Grinder
  7211 | D:6      | Killed Grinder
  7212 | D:6      | Reached skill level 8 in Fighting
  7212 | D:6      | Reached XP level 9. HP: 56/59 MP: 9/9
  7299 | D:6      | Identified the +9 hand axe "Itoleo" {vorpal, Fragile rElec
                  | Will+}
  7553 | D:7      | Noticed Joseph
  7556 | D:7      | Noticed Duvessa
  7558 | D:7      | Noticed Dowan
  8002 | D:8      | Reached skill level 1 in Evocations
  8281 | D:8      | You fall into a shaft and drop 3 floors!
  8512 | D:12     | Noticed Kirke
  8533 | D:11     | Found a staircase to the Orcish Mines.
  8552 | D:11     | Noticed a two-headed ogre
  8552 | D:11     | Found a transporter.
  8556 | D:11     | Noticed a gargoyle
  8566 | D:10     | Entered Level 10 of the Dungeon
  8575 | D:9      | Noticed a two-headed ogre
  8599 | D:10     | Noticed a wizard
  8600 | D:10     | Noticed a wizard
  8605 | D:10     | Noticed a deep elf pyromancer
  8607 | D:10     | Killed a wizard
  8608 | D:10     | Reached skill level 9 in Fighting
  8608 | D:10     | Killed a two-headed ogre
  8609 | D:10     | Reached XP level 10. HP: 44/66 MP: 10/10
  8610 | D:10     | Killed a deep elf pyromancer
  9001 | D:9      | Found a blossoming altar of Fedhas.
  9111 | D:8      | Found a snail-covered altar of Cheibriados.
  9215 | D:8      | Reached skill level 10 in Fighting
  9825 | D:8      | Became a worshipper of Cheibriados the Contemplative
 10192 | D:8      | Found a bloodstained altar of Trog.
 10316 | D:9      | Noticed a cyclops
 10330 | D:9      | Killed a cyclops
 10331 | D:9      | Reached skill level 1 in Invocations
 10631 | D:9      | Reached * piety under Cheibriados
 11001 | D:9      | Reached skill level 11 in Fighting
 11166 | D:9      | Reached XP level 11. HP: 54/74 MP: 14/14
 11206 | D:10     | Noticed a wizard
 11210 | D:10     | Killed a wizard
 11211 | D:10     | Reached skill level 10 in Maces & Flails
 11233 | D:10     | Got the Secrets of Combed Thunderclap
 11240 | D:10     | Got the Precepts of Dhcmrlchtdj
 11247 | D:10     | Got Sif Muna's Spellbook of Sand
 11295 | D:10     | Reached skill level 5 in Invocations
 11313 | D:10     | Found a staircase to the Lair.
 11533 | D:10     | Reached ** piety under Cheibriados
 11764 | D:10     | Found a stormy altar of Qazlal.
 11775 | D:10     | Found a sacrificial altar of Ru.
 12162 | Abyss:2  | Cast into level 2 of the Abyss (a wizard)
 12173 | Abyss:2  | Noticed an orc sorcerer
 12180 | Abyss:2  | Killed an orc sorcerer
 12184 | Abyss:2  | Noticed a yellow draconian
 12190 | D:11     | Escaped the Abyss
 12201 | D:11     | Killed a two-headed ogre
 12203 | D:11     | Noticed a boulder beetle
 12209 | D:11     | Slain by a boulder beetle

Illustrated notes

Levels and vault maps discovered:
D:1:      tarquinn_simple_flora_water_a, layout_basic
D:2:      kennysheep_big_flooded_room, layout_basic
D:3:      layout_basic, nicolae_tso_swordbearing_angel,
          nicolae_ecumenical_lake_church, minmay_gold_behind_fungi,
          uniq_crazy_yiuf_cottage
D:4:      layout_cave_pods, minmay_temple_entry_purple_smoke
D:5:      layout_layer_cave, nzn_wu_jian_contemplation,
          mainiacjoe_overflow_cross_hatched, kennysheep_big_empty_room
D:6:      layout_cave_pods, nicolae_yredelemnul_corpse_copse,
          okawaru_gym_becter, lemuel_zombie_altar_kikubaaqudgha,
          glass_columns_a, corexii_shack, uniq_grinder, uniq_edmund
D:7:      minmay_bubble_buster, layout_rooms,
          nicolae_hepliaklqana_monster_ancestors, nemelex_diamond_rough_becter,
          uniq_joseph, uniq_pikel, uniq_duvessa
D:8:      layout_gridville, cheibriados_altar_1, kennysheep_mini,
          roderic_lattice_a, minmay_puff
D:9:      layout_stronghold, fedhas_altar_3, corner_web_ring,
          grunt_ministairs_12
D:10:     layout_irregular_city, amethyst_overflow_temple_binary,
          lair_entry_dummy, bh_hangedman_babel_library
D:11:     layout_basic, zombieorc2_lemuel, gammafunk_ghost_abyssal_escape
D:12:     layout_gridville, uniq_kirke
Temple:   nicolae_temple_bog_church

Skill      XL: |  1  2  3  4  5  6  7  8  9 10 11 |
---------------+----------------------------------+-----
Fighting       | 4 5 6 8 9 11 | 11.9
Maces & Flails | 3 4 5 7 8 9 10 | 10.7
Shields        | 4 |  4.6
Armour         | 4 5 6 |  6.6
Evocations     | 3 4 |  4.4
Invocations    | 4 6 |  6.3

Action                   |  1- 3 |  4- 6 |  7- 9 | 10-12 || total
-------------------------+-------+-------+-------+-------++-------
Melee: Flail             |   119 |    44 |       |       ||   163
       Mace              |       |    65 |   134 |   249 ||   448
Evoke: Wand              |       |       |     2 |     7 ||     9
  Use: Potion            |     1 |     2 |     4 |     1 ||     8
       Scroll            |       |    12 |    10 |     5 ||    27
 Stab: Distracted        |       |       |     1 |       ||     1
Armor: Scale mail        |    66 |    55 |       |       ||   121
       Chain mail        |       |    14 |    92 |   230 ||   336
       Skin              |       |       |     8 |       ||     8
Dodge: Dodged            |    61 |    41 |    35 |    77 ||   214
Block: Buckler           |     4 |       |       |       ||     4
       Kite shield       |    36 |    62 |    74 |   143 ||   315

Table legend: (Time is in decaauts)
 A = Elapsed time spent in this place.
 B = Non-inter-level travel time spent in this place.
 C = Inter-level travel time spent in this place.
 D = Time resting spent in this place.
 E = Time spent auto-exploring this place.
 F = Levels seen in this place.
 G = Mean time per level.
                   A        B        C        D        E       F      G
               +--------+--------+--------+--------+--------+-----+--------+
         Total |  13013 |  12696 |    317 |   2492 |   8470 |  14 |  929.5 |
       Dungeon |  12793 |  12498 |    295 |   2492 |   8303 |  12 | 1066.1 |
        Temple |    181 |    159 |     22 |      0 |    152 |   1 |  181.0 |
         Abyss |     38 |     38 |      0 |      0 |     14 |   1 |   38.0 |
               +--------+--------+--------+--------+--------+-----+--------+

Top non-repeatable levels by time:
     D:8: 2061 daAuts
     D:9: 1612 daAuts
     D:3: 1499 daAuts
     D:2: 1420 daAuts
     D:5: 1385 daAuts
    D:10: 1330 daAuts
     D:6: 1306 daAuts
     D:1: 932 daAuts
     D:4: 919 daAuts
    D:11: 300 daAuts
  Temple: 181 daAuts
 Abyss:2: 38 daAuts
     D:7: 20 daAuts
    D:12: 3 daAuts
